 Dungeon Sprint DCSS version 0.28-a0-245-g639a1a48b9 (webtiles) character file.

Game seed: 7544283829875301727

1586 jt the Cleaver (level 8, -3/80 HPs)
             Began as a Palentonga Berserker on Aug 24, 2021.
             Was a High Priest of Trog.
             Succumbed to a redback's poison
             ... in the Dungeon (Sprint II: "The Violet Keep of Menkaure").
             The game lasted 00:04:38 (809 turns).

jt the Cleaver (Palentonga Berserker)                Turns: 809, Time: 00:04:39

Health: -3/80      AC: 12    Str: 22    XL:     8   Next: 61%
Magic:  8/8        EV:  9    Int: 10    God:    Trog [*****.]
Gold:   81         SH:  0    Dex: 13    Spells: 7/7 levels left

rFire   . . .      SeeInvis +   a - +0 hand axe
rCold   . . .      Faith    .   (no shield)
rNeg    . . .      Spirit   .   b - +0 animal skin
rPois   .          Reflect  .   (no helmet)
rElec   .          Harm     .   (no cloak)
rCorr   .          Rampage  .   i - +2 pair of gloves
Will    .....      NoTele   +   j - +0 barding "Fuhamatizxa" {Int+3 Dex+2}
Stlth   ++........              (no amulet)
HPRegen 0.23/turn               (no ring)
MPRegen 0.11/turn               (no ring)

@: lethally poisoned (-3 -> -53), on berserk cooldown, slowed, very slow
A: large, rugged brown scales 3, see invisible, deformed body, roll 1, armoured
tail, reflexive curl
a: Rolling Charge, Renounce Religion, Berserk, Trog's Hand, Brothers in Arms


You were in the Dungeon.
You worshipped Trog.
Trog was extremely pleased with you.
You visited 1 branch You collected 810 gold pieces.
You spent 729 gold pieces at shops.

Inventory:

Hand Weapons
 a - a +0 hand axe (weapon)
Armour
 b - a +0 animal skin (worn)
 i - a +2 pair of gloves (worn)
 j - the +0 barding "Fuhamatizxa" (worn) {Int+3 Dex+2}
   (You acquired it in the Dungeon)

   Int:       It affects your intelligence (+3).
   Dex:       It affects your dexterity (+2).
Scrolls
 h - a scroll of blinking
 k - 2 scrolls of identify {unknown}
Potions
 c - a potion of curing
 d - a potion of heal wounds
 e - a potion of haste
 f - 2 potions of magic
 g - a potion of berserk rage


   Skills:
 + Level 11.4 Fighting
 + Level 13.1 Axes
 + Level 4.1 Armour
 + Level 5.4 Dodging
 + Level 3.2 Stealth


You had 7 spell levels left.
You didn't know any spells.
Your spell library was empty.

Dungeon Overview and Level Annotations

Branches:
Dungeon (1/1)

Altars:
Cheibriados
Dithmenos
Elyvilon
Fedhas
Gozag
Kikubaaqudgha
Makhleb
Nemelex Xobeh
Okawaru
Ru
Sif Muna
Trog
Uskayaw
Vehumet
Xom
Yredelemnul
Zin
Jiyva
Lugonu

Shops:
D ==:?!:![:[(=[?*

Annotations:
D exclusion: oklob plant


Innate Abilities, Weirdness & Mutations

You are completely covered in rugged brown scales. (AC +3, +7% HP)
You have supernaturally acute eyesight. (SInv)
Armour fits poorly on your strangely shaped body.
You can roll at nearby foes to attack.
You have a long armoured tail.
You curl defensively after being hit.


Message History

You slash the redback! You tail-slap the redback.
The redback is severely wounded.
You hit the redback.
You feel extremely sick. The redback barely misses you.
You slash the redback!
You kill the redback!
Trog accepts your kill.
You miss the redback.
You feel extremely sick.
The redback bites you but does no damage.
Your Stealth skill increases to level 3!
You slash the redback!
The redback is severely wounded.
You feel extremely sick.
You closely miss the redback.
The redback is severely wounded.
* * * LOW HITPOINT WARNING * * *
You feel extremely sick. The redback bites you.
* * * LOW HITPOINT WARNING * * *
You slash the redback! You tail-slap the redback.
You kill the redback!
Trog accepts your kill.
* * * LOW HITPOINT WARNING * * *
You feel extremely sick.
Your Axes skill increases to level 13!
* * * LOW HITPOINT WARNING * * *
You feel extremely sick.
There is an open door here.
You see here a redback corpse.
You feel a strong urge to attack something.
* * * LOW HITPOINT WARNING * * *
You feel extremely sick.
You see here a +3 ring mail.
You slam the door shut with a bang, pushing everything out of the way!
You are no longer berserk.
You are exhausted.
You feel yourself slow down.
You die...

+# ## ..### ≈## ...# ≈≈#++
.^.# ≈≈... .. ..# ≈≈≈.##
##.. ####.# ≈≈≈##.
.##.####$.+.### ≈≈≈#.. B.
...#.@#...# ≈### B#.
###..#####.^#
##.###+###.##..#..'..#
#...##.##...#..#..#..# #
'##.'.<.÷##.'..####.^##.#
#.####.##÷..#.§..###...##▓▓
##.###'###.##......≈≈≈≈≈≈≈≈≈
≈####...####≈≈.....§#+######
≈≈≈#..##.#≈§≈≈≈≈≈..≈#_._....


There were no monsters in sight!

Vanquished Creatures
  2 redbacks (D)
  4 neqoxecs (D)
  A water moccasin (D)
  3 black bears (D)
  4 necrophages (D)
  A scorpion (D)
  3 worms (D)
18 creatures vanquished.

Vanquished Creatures (others)
  Menkaure (D)
  A water moccasin (D)
2 creatures vanquished.

Grand Total: 20 creatures vanquished

Notes
Turn   | Place    | Note
-------+----------+-------------------------------------------
     0 | D        | jt the Palentonga Berserker began the quest for the Orb.
     0 | D        | Reached XP level 1. HP: 19/19 MP: 1/1
    21 | D        | Killed a water moccasin
    24 | D        | Killed Menkaure
   231 | D        | Found Mosteakk's General Store.
   232 | D        | Found Piompom's Magic Scroll Boutique.
   232 | D        | Found Ozont's Antique Weapon Shop.
   232 | D        | Found Duemmeka's Jewellery Shop.
   232 | D        | Found Avajiss's Book Boutique.
   232 | D        | Found Soxto's Antique Armour Boutique.
   232 | D        | Found Jaemegal's Antique Armour Shop.
   235 | D        | Reached ** piety under Trog
   236 | D        | Reached skill level 4 in Axes
   236 | D        | Reached XP level 2. HP: 22/26 MP: 2/2
   270 | D        | Found Otacsith's Distillery.
   270 | D        | Found Resutweo's Book Boutique.
   271 | D        | Found Uhuugit's Antique Armour Boutique.
   272 | D        | Found Olalerir's Distillery.
   272 | D        | Found Ebbooham's Magic Scroll Boutique.
   272 | D        | Noticed a water moccasin
   272 | D        | Noticed an oklob plant
   273 | D        | Found Vimiet's Jewellery Shop.
   273 | D        | Found Kymaosa's Jewellery Boutique.
   273 | D        | Found Azi Tisu's Book Shoppe.
   274 | D        | Noticed a water moccasin
   274 | D        | Noticed a water moccasin
   274 | D        | Noticed a water moccasin
   284 | D        | Killed a water moccasin
   285 | D        | Reached skill level 6 in Axes
   285 | D        | Reached skill level 1 in Stealth
   285 | D        | Reached XP level 3. HP: 9/36 MP: 3/3
   285 | D        | Reached XP level 4. HP: 10/42 MP: 4/4
   325 | D        | Noticed an iron elemental
   334 | D        | Bought a pair of embroidered gloves for 157 gold pieces
   446 | D        | Noticed a boulder beetle
   446 | D        | Noticed a boulder beetle
   449 | D        | Noticed a necrophage
   449 | D        | Noticed a necrophage
   449 | D        | Noticed a necrophage
   449 | D        | Noticed a necrophage
   463 | D        | Killed a necrophage
   464 | D        | Reached skill level 7 in Axes
   464 | D        | Reached XP level 5. HP: 51/51 MP: 5/5
   468 | D        | Killed a necrophage
   469 | D        | Reached skill level 8 in Axes
   469 | D        | Reached XP level 6. HP: 57/59 MP: 6/6
   474 | D        | Reached *** piety under Trog
   475 | D        | Reached skill level 9 in Axes
   476 | D        | Reached skill level 10 in Axes
   577 | D        | Noticed a neqoxec
   577 | D        | Noticed a neqoxec
   577 | D        | Noticed a neqoxec
   577 | D        | Noticed a neqoxec
   584 | D        | Killed a neqoxec
   585 | D        | Gained mutation: You curl defensively after being hit.
                  | [Palentonga growth]
   585 | D        | Reached XP level 7. HP: 68/68 MP: 7/7
   588 | D        | Killed a neqoxec
   588 | D        | Reached **** piety under Trog
   589 | D        | Reached skill level 11 in Axes
   594 | D        | Killed a neqoxec
   595 | D        | Reached skill level 10 in Fighting
   596 | D        | Killed a neqoxec
   597 | D        | Reached skill level 5 in Dodging
   617 | D        | Bought a scroll of acquirement for 572 gold pieces
   617 | D        | Acquired the +0 barding "Fuhamatizxa" {Int+3 Dex+2}
   691 | D        | Reached XP level 8. HP: 72/78 MP: 8/8
   718 | D        | Found an iron altar of Okawaru.
   718 | D        | Found a radiant altar of Vehumet.
   719 | D        | Found a sparkling altar of Nemelex Xobeh.
   719 | D        | Found a hide-covered altar of Uskayaw.
   719 | D        | Found a glowing silver altar of Zin.
   720 | D        | Found an opulent altar of Gozag.
   720 | D        | Found a burning altar of Makhleb.
   720 | D        | Found a bloodstained altar of Trog.
   721 | D        | Found a blossoming altar of Fedhas.
   721 | D        | Found a corrupted altar of Lugonu.
   721 | D        | Found a basalt altar of Yredelemnul.
   721 | D        | Found a shimmering blue altar of Sif Muna.
   722 | D        | Found a white marble altar of Elyvilon.
   722 | D        | Found an ancient bone altar of Kikubaaqudgha.
   722 | D        | Found a shimmering altar of Xom.
   722 | D        | Found a sacrificial altar of Ru.
   723 | D        | Found a shadowy altar of Dithmenos.
   723 | D        | Found a viscous altar of Jiyva.
   724 | D        | Found a snail-covered altar of Cheibriados.
   736 | D        | Reached skill level 12 in Axes
   738 | D        | Reached ***** piety under Trog
   807 | D        | Reached skill level 13 in Axes
   809 | D        | Succumbed to a redback's poison

Illustrated notes

Levels and vault maps discovered:
D:        the_violet_keep_of_menkaure [sprint2_stairs_cluster_1,
          sprint2_shoproom, sprint2_temple, sprint2_basic_supplies,
          sprint2_obstacle_5, sprint2_obstacle_3, sprint2_obstacle_6,
          sprint2_obstacle_2, sprint2_obstacle_7, sprint2_timed_cluster_1,
          sprint2_smallroom_cluster_1, sprint2_smallroom_final_cluster_1,
          sprint2_transparent_cluster_1, sprint2_second_timed_cluster_1,
          sprint2_sniper_area_1, sprint2_heavy_combat_area_1,
          sprint2_mutation_trap_area_1, sprint2_forest_area_1,
          sprint2_light_combat_area_1, sprint2_behind_water_1,
          sprint2_near_end_vault_1]

Skill      XL: |  1  2  3  4  5  6  7  8 |
---------------+-------------------------+-----
Axes           | 4 6 7 8 10 11 13 | 13.1
Fighting       | 6 7 8 9 10 11 | 11.4
Armour         | 2 3 4 |  4.1
Dodging        | 2 3 4 5 |  5.4
Stealth        | 1 2 3 |  3.2

Action                   |  1- 3 |  4- 6 |  7- 9 || total
-------------------------+-------+-------+-------++-------
Melee: Hand axe          |    21 |    29 |    32 ||    82
       Tailslap          |     2 |       |     5 ||     7
Invok: Berserk           |     2 |     2 |     2 ||     6
       Trog's Hand       |       |     1 |       ||     1
 Abil: Rolling Charge    |     3 |       |     2 ||     5
  Use: Scroll            |       |       |     1 ||     1
 Stab: Sleeping          |     1 |       |     2 ||     3
Armor: Animal skin       |     3 |     7 |    14 ||    24
Dodge: Dodged            |     4 |    10 |    15 ||    29

Table legend: (Time is in decaauts)
 A = Elapsed time spent in this place.
 B = Non-inter-level travel time spent in this place.
 C = Inter-level travel time spent in this place.
 D = Time resting spent in this place.
 E = Time spent auto-exploring this place.
 F = Levels seen in this place.
 G = Mean time per level.
                   A        B        C        D        E       F      G
               +--------+--------+--------+--------+--------+-----+--------+
         Total |    851 |    832 |     19 |    596 |      0 |   1 |  851.0 |
       Dungeon |    851 |    832 |     19 |    596 |      0 |   1 |  851.0 |
               +--------+--------+--------+--------+--------+-----+--------+

Top non-repeatable levels by time:
       D: 851 daAuts
